 Dungeon Crawl Stone Soup version 0.27-a0-1202-ge72e491 (webtiles) character file.

Game seed: 17189793100135034111

119 Meow the Stinger (level 5, 45/45 HPs)
             Began as a Naga Venom Mage on June 1, 2021.
             Was a Follower of Qazlal.
             Quit the game on level 3 of the Dungeon.
             The game lasted 00:06:26 (1835 turns).

Meow the Stinger (Naga Venom Mage)                  Turns: 1835, Time: 00:06:27

Health: 45/45      AC:  2    Str: 16    XL:     5   Next: 3%
Magic:  19/19      EV: 10    Int: 16    God:    Qazlal [*.....]
Gold:   68         SH:  1    Dex: 12    Spells: 4/11 levels left

rFire    . . .     SeeInvis +   a - +0 hunting sling
rCold    . . .     Faith    .   (no shield)
rNeg     . . .     Spirit   .   d - +0 robe
rPois    +         Reflect  .   (no helmet)
rElec    .         Harm     .   (no cloak)
rCorr    .         Rampage  .   (no gloves)
Will     .....                  (no barding)
Stlth    ++........             (no amulet)
HPRegen  0.15/turn              i - ring of magical power
MPRegen  0.16/turn              l - +6 ring of strength

@: very slow
A: AC +1, large, see invisible, deformed body, poison resistance, slowness 2,
spit poison 1, naga tail 1
a: Spit Poison, Renounce Religion


You were on level 3 of the Dungeon.
You worshipped Qazlal.
Qazlal was aware of your devotion.
You visited 1 branch of the dungeon, and saw 3 of its levels.

You collected 68 gold pieces.

Inventory:

Hand Weapons
 a - a +0 hunting sling (weapon)
 b - a +0 dagger of protection
Missiles
 g - 31 poisoned darts
 h - 18 sling bullets (quivered ammo)
 m - 14 arrows
 n - 61 stones
 v - 22 bolts
Armour
 d - a +0 robe (worn)
Jewellery
 i - a ring of magical power (left hand)
 l - a +6 ring of strength (right hand)
 w - an amulet of reflection
Scrolls
 f - a scroll of silence {unknown}
 j - a scroll of immolation {unknown}
 k - a scroll of identify {unknown}
 r - a scroll of enchant armour {unknown}
 s - a scroll of acquirement {unknown}
 u - 2 scrolls of fog {unknown}
Potions
 c - a potion of attraction {unknown}
 e - a potion of brilliance {unknown}
 o - a potion of heal wounds {unknown}
 p - a potion of ambrosia {unknown}
 q - a potion of haste {unknown}
 t - a potion of curing {unknown}


   Skills:
 + Level 1.9 Fighting
 - Level 1.5 Dodging
 - Level 3.0 Stealth
 * Level 3.5 Spellcasting
 + Level 2.0 Conjurations
 - Level 1.0 Transmutations
 - Level 4.0 Poison Magic


You had 4 spell levels left.
You knew the following spells:

 Your Spells              Type           Power      Damage    Failure   Level
a - Sting                 Tmut/Pois      40%        1d5       6%          1
c - Mephitic Cloud        Conj/Pois/Air  9%         N/A       24%         3
C - Ignite Poison         Fire/Tmut/Pois 8%         N/A       26%         3

Your spell library contained the following spells:

 Spells                   Type           Power      Damage    Failure   Level
 Poisonous Vapours        Pois/Air       18%        N/A       12%         2
 Olgreb's Toxic Radiance  Pois           15%        N/A       34%         4


Dungeon Overview and Level Annotations

Branches:
Dungeon (3/15)

Altars:
Qazlal


Innate Abilities, Weirdness & Mutations

Your serpentine skin is tough. (AC +1)
You have supernaturally acute eyesight. (SInv)
Armour fits poorly on your strangely shaped body.
Your system is resistant to poisons. (rPois)
You cover ground very slowly.
You can spit poison.
You have a snake-like lower body.


Message History

A rat is nearby!
Fire: 15 sling bullets
Press: ? - help, Q - select action, (/) - cycle Shift-Dir - straight line, f - rat
Aim: a rat (wandering, hasn't noticed you, 56% to hit)
You shoot a sling bullet.
The sling bullet closely misses the rat.
Press: ? - help, Shift-Dir - straight line, f/p - rat
Aim: a rat The splash of poison hits the rat!
You kill the rat!
Unknown command.
h - 15 sling bullets (gained 1)
You have got your breath back.
h - 16 sling bullets (gained 1)
h - 17 sling bullets (gained 1)
You see here a rat corpse.
h - 18 sling bullets (gained 1) Key pressed, stopping explore.
Key pressed, stopping explore.
Found an escape hatch in the floor.
u - 2 scrolls labelled XAJONW NUCU (gained 1)
There is a stone staircase leading down here.
Key pressed, stopping explore.
Found a faded altar of an unknown god.
w - an amulet of reflection No target in view!
A worm comes into view.
There is a faded altar of an unknown god here.
You cannot tell which god this altar belongs to.
Convert to them anyway?
Okay, then.
A goblin comes into view. It is wielding a +0 club.
There is a faded altar of an unknown god here.
You cannot tell which god this altar belongs to.
Convert to them anyway?
Qazlal accepts your prayer! Qazlal welcomes you!
Qazlal grants you and your divine allies immunity to clouds.
You are now surrounded by a storm.
Okay, then.
There is a stormy altar of Qazlal here.
Are you sure you want to abandon this character and quit the game? (Confirm with "yes".)

.......#>.....#### #.......#
.......#......##.. ...g....#
.......#......##.# #.......#
.......#....#>##.# #.......#
######......#.##.####........
...# ####.#.#.##..#..........
...# #.#.#.##§§§§###.#....
...# #.#.#.##.§g§# .# ...
...# #.#.#.##@§§## # w
...#### #.#.#.##§### )...†.#
#........# ...##.#####.#.####
...##.......#.#
#############.# . #.# ## #.#
# ..#


You could see a goblin.

Vanquished Creatures
  An orc priest (D:3)
  2 adders (D:2)
  A dart slug (D:2)
  5 orcs (D:3)
  3 ball pythons (D:1)
  6 bats
  5 endoplasms
  2 giant cockroaches
  2 goblins (D:2)
  10 hobgoblins
  6 jackals
  5 quokkas
  5 frilled lizards
  2 kobolds (D:3)
  4 rats
59 creatures vanquished.

Notes
Turn   | Place    | Note
-------+----------+-------------------------------------------
     0 | D:1      | Meow the Naga Venom Mage began the quest for the Orb.
     0 | D:1      | Reached XP level 1. HP: 15/15 MP: 3/3
   182 | D:1      | Reached XP level 2. HP: 24/24 MP: 5/5
   436 | D:1      | Reached skill level 1 in Conjurations
   511 | D:1      | Reached skill level 1 in Fighting
   621 | D:1      | Reached XP level 3. HP: 27/31 MP: 4/7
   625 | D:1      | Learned a level 3 spell: Mephitic Cloud
   631 | D:1      | Learned a level 3 spell: Ignite Poison
  1314 | D:2      | Reached XP level 4. HP: 38/38 MP: 8/8
  1649 | D:3      | Reached XP level 5. HP: 40/45 MP: 5/10
  1812 | D:3      | Found a faded altar of an unknown god.
  1831 | D:3      | Became a worshipper of Qazlal Stormbringer
  1831 | D:3      | Reached * piety under Qazlal
  1835 | D:3      | Quit the game

Illustrated notes

Levels and vault maps discovered:
D:1:      dpeg_arrival_radiant, layout_basic
D:2:      layout_basic, kennysheep_generic_room_2
D:3:      layout_basic, ebering_ecumenical_altar_mist

Skill      XL: |  1  2  3  4 |
---------------+-------------+-----
Conjurations   | 1 2 |  2.0
Fighting       | 1 |  1.9
Spellcasting   | 3 |  3.5
Dodging        | |  1.5
Stealth        | |  3.0
Transmutations | |  1.0
Poison Magic   | |  4.0

Action                   |  1- 3 |  4- 6 || total
-------------------------+-------+-------++-------
Melee: Dagger            |     5 |       ||     5
       Spear             |     2 |       ||     2
 Fire: Hunting sling     |     6 |    17 ||    23
 Cast: Sting             |    34 |    15 ||    49
       Mephitic Cloud    |       |     2 ||     2
 Abil: Spit Poison       |    39 |    10 ||    49
Armor: Robe              |     1 |     2 ||     3
Dodge: Dodged            |    10 |     7 ||    17

Table legend: (Time is in decaauts)
 A = Elapsed time spent in this place.
 B = Non-inter-level travel time spent in this place.
 C = Inter-level travel time spent in this place.
 D = Time resting spent in this place.
 E = Time spent auto-exploring this place.
 F = Levels seen in this place.
 G = Mean time per level.
                   A        B        C        D        E       F      G
               +--------+--------+--------+--------+--------+-----+--------+
         Total |   2315 |   2258 |     57 |    398 |   1444 |   3 |  771.7 |
       Dungeon |   2315 |   2258 |     57 |    398 |   1444 |   3 |  771.7 |
               +--------+--------+--------+--------+--------+-----+--------+

Top non-repeatable levels by time:
     D:1: 995 daAuts
     D:2: 847 daAuts
     D:3: 472 daAuts
